 Seeded DCSS version 0.30.1-9-gdf580d7c3d (webtiles) character file.

Game seed: 920673320228942481 (custom seed)

33 Psyclone the Conjurer (level 3, -3/16 (19) HPs)
             Began as a Deep Elf Conjurer on Oct 9, 2023.
             Slain by a wight
             ... wielding a +1 short sword
              (4 damage)
             ... on level 5 of the Dungeon.
             The game lasted 00:00:25 (284 turns).

Psyclone the Conjurer (Deep Elf Conjurer)            Turns: 284, Time: 00:00:26

HP:   -3/16 (19)    AC:  2    Str:  4    XL:     3   Next: 12%
MP:   9/9           EV: 12    Int: 24    God:
Gold: 0             SH:  0    Dex: 13    Spells: 5/8 levels left

rFire   . . .        (no weapon)
rCold   . . .        (no shield)
rNeg    . . .        a - +0 robe
rPois   .            (no helmet)
rElec   .            (no cloak)
rCorr   .            (no gloves)
SInv    .            (no boots)
Will    .....        (no amulet)
Stlth   ++           (no ring)
HPRegen 0.22/turn    (no ring)
MPRegen 0.11/turn

%: no passive effects
@: heavily drained
A: no striking features
a: no special abilities


You were on level 5 of the Dungeon.
You visited 1 branch of the dungeon, and saw 5 of its levels.

Inventory:

Armour
 a - a +0 robe (worn)
Scrolls
 c - 3 scrolls of acquirement {unknown}
Potions
 b - a potion of magic
 d - a potion of lignification {unknown}


   Skills:
 - Level 2.4 Dodging
 - Level 2.4 Stealth
 - Level 3.0 Spellcasting
 + Level 5.5 Conjurations


You had 5 spell levels left.
You knew the following spells:

 Your Spells              Type           Power      Damage    Failure   Level
a - Magic Dart            Conj           100%       1d8       1%          1
b - Searing Ray           Conj           60%        2d6       1%          2

Your spell library contained the following spells:

 Spells                   Type           Power      Damage    Failure   Level
 Dazzling Flash           Conj/Hex       32%        N/A       11%         3
 Fulminant Prism          Conj/Hex       8%         3d7       34%         4
 Iskenderun's Mystic Bla  Conj/Tloc      16%        2d5       34%         4


Dungeon Overview and Level Annotations

Branches:
Dungeon (5/15) Zot: 26985
 Temple: D:4-7

Altars:

Annotations:
D:5 Ijyb


Message History

Press: ? - help, Shift-Dir - straight line, f/p - hound
Aim: a hound (almost dead, 100% to hit)
The magic dart hits the hound.
You kill the hound!
Your Conjurations skill increases to level 5!
You have reached level 2!
You have reached level 3!
Your experience leads to an increase in your attributes!
Increase (S)trength, (I)ntelligence, or (D)exterity?
You feel clever. x2
Health restored: 19 You now have 0/9 mp.
You start resting.
Magic restored.
MP restored: 9 You see here a hound corpse.
Found a leather armour.
Found a murky purple potion.
Found 14 gold pieces.
Found a stone staircase leading down.
There is a stone staircase leading down here.
Memorise Searing Ray, consuming 2 spell levels and leaving 5?
You start memorising the spell.
You continue memorising. x2
You finish memorising.
Spell assigned to 'b'.
You climb downwards.
There is a stone staircase leading up here.
Found a scroll labelled DYFUHAUFRU.
Found 13 gold pieces.
A wight comes into view. It is wielding a +2 falchion.
A wight comes into view. It is wielding a +5 spear.
Ijyb and a wight come into view.
Ijyb is wielding a +0 club and carrying a wand of polymorph (6).
The wight barely misses you.
Ijyb shouts!
The wight hits you from afar with a +5 spear!
You feel drained.
Ijyb zaps a wand.
You resist with some effort.
You take 11 damage, and have 8/17 hp.
MASSIVE DAMAGE!!
The wight barely misses you.
The wight hits you with a +1 short sword!
* * * LOW HITPOINT WARNING * * *
You feel drained.
You die...

....# .....###.
................. # ##
.........$......
##.#.##g...............
#......................
#.....z..##z##........
#@..z##..#........
##....#....#......
#...z......#......
##....##..........
##..####......... ####
#......... ###.......
##...... #...<..


You could see Ijyb and 3 wights.

Vanquished Creatures
  A hound (D:4)
  An endoplasm (D:3)
  A ball python (D:1)
3 creatures vanquished.

Notes
Turn   | Place    | Note
-------+----------+-------------------------------------------
     0 | D:1      | Psyclone the Deep Elf Conjurer began the quest for the Orb.
     0 | D:1      | Reached XP level 1. HP: 10/10 MP: 6/6
   147 | D:4      | Noticed a hound
   153 | D:4      | Killed a hound
   154 | D:4      | Reached skill level 5 in Conjurations
   154 | D:4      | Reached XP level 2. HP: 15/15 MP: 0/8
   154 | D:4      | Reached XP level 3. HP: 19/19 MP: 0/9
   269 | D:4      | Learned a level 2 spell: Searing Ray
   270 | D:5      | Entered Level 5 of the Dungeon
   276 | D:5      | Noticed a wight
   278 | D:5      | Noticed a wight
   279 | D:5      | Noticed Ijyb
   279 | D:5      | Noticed a wight
   284 | D:5      | Slain by a wight

Illustrated notes

Levels and vault maps discovered:
D:1:      dpeg_arrival_orchard, layout_basic
D:2:      layout_loops_corners, uniq_natasha, uniq_crazy_yiuf_cottage
D:3:      layout_basic, serial_shops, nicolae_shop_stone, shop
D:4:      layout_basic, nicolae_figureground_sparkle, uniq_sigmund, uniq_robin,
          uniq_blork_the_orc
D:5:      layout_cave_pools, nicolae_ru_path_of_blood, minmay_quadrilaterals,
          uniq_menkaure, uniq_ijyb

Skill      XL: |  1 |
---------------+----+-----
Conjurations   | 5 |  5.5
Dodging        | |  2.4
Stealth        | |  2.4
Spellcasting   | |  3.0

Action                     || total
---------------------------++-------
   Cast: Magic Dart        ||     9
  Dodge: Dodged            ||     2
